 Dungeon Crawl Stone Soup version 0.24.1 (webtiles) character file.

Game seed: 6211623709238709702, levelgen mode: deterministic

62 Oxidus the Sneak (level 4, -7/38 HPs)
             Began as a Gnoll Assassin on Mar 26, 2020.
             Killed by divine providence
             ... invoked by an orc priest
              (10 damage)
             ... on level 3 of the Dungeon.
             The game lasted 00:09:05 (737 turns).

Oxidus the Sneak (Gnoll Assassin)                    Turns: 737, Time: 00:09:06

Health: -7/38      AC:  5    Str: 18    XL:     4   Next: 8%
Magic:  5/5        EV: 10    Int: 15    God:
Gold:   47         SH:  8    Dex: 16    Spells: 4/5 levels left

rFire    . . .     SeeInvis .   a - +2 dagger
rCold    . . .     Gourm    .   l - +0 shield
rNeg     . . .     Faith    .   g - +0 leather armour
rPois    .         Spirit   .   s - +0 helmet
rElec    .         Reflect  .   c - +0 cloak
rCorr    .         Harm     .   (no gloves)
MR       .....                  (no boots)
Stlth    ++++......             (no amulet)
HPRegen  0.12/turn              (no ring)
MPRegen  0.09/turn              (no ring)

@: mighty
A: distributed training, fangs 1, strong nose
a: no special abilities


You were on level 3 of the Dungeon.
You were not hungry.

You visited 1 branch of the dungeon, and saw 3 of its levels.

You collected 47 gold pieces.

Inventory:

Hand Weapons
 a - a +2 dagger (weapon)
Missiles
 b - 16 arrows
 d - 8 poisoned darts
 e - 9 curare-tipped darts
 o - 7 javelins (quivered)
Armour
 c - a +0 cloak (worn)
 g - a +0 leather armour (worn)
 l - a +0 shield (worn)
 s - a +0 helmet (worn)
Jewellery
 k - a +2 ring of slaying
Scrolls
 i - a scroll of enchant armour
 j - 2 scrolls of identify
 p - a scroll of magic mapping {unknown}
 q - a scroll of immolation {unknown}
Potions
 r - a potion of magic {unknown}
Comestibles
 f - 5 rations
 h - 13 chunks of flesh


   Skills:
 + Level 4.6 Fighting
 + Level 4.6 Short Blades
 + Level 1.0 Long Blades
 + Level 1.0 Axes
 + Level 1.0 Maces & Flails
 + Level 1.0 Polearms
 + Level 1.0 Staves
 + Level 1.0 Slings
 + Level 1.0 Bows
 + Level 1.0 Crossbows
 + Level 4.6 Throwing
 + Level 1.0 Armour
 + Level 2.7 Dodging
 + Level 7.8 Stealth
 + Level 1.0 Shields
 + Level 1.0 Unarmed Combat
 + Level 1.0 Spellcasting
 + Level 0.7 Conjurations
 + Level 0.7 Hexes
 + Level 0.7 Charms
 + Level 0.7 Summonings
 + Level 0.7 Necromancy
 + Level 0.7 Translocations
 + Level 0.7 Transmutations
 + Level 0.7 Fire Magic
 + Level 0.7 Ice Magic
 + Level 0.7 Air Magic
 + Level 0.7 Earth Magic
 + Level 0.7 Poison Magic
 + Level 1.1 Invocations
 + Level 1.0 Evocations


You had 4 spell levels left.
You knew the following spells:

 Your Spells              Type           Power        Failure   Level  Hunger
a - Animate Skeleton      Necr           N/A          78%         1    ##.....

Your spell library contained the following spells:

 Spells                   Type           Power        Failure   Level  Hunger
 Apportation              Tloc           #.....       78%         1    ##.....
 Confusing Touch          Hex            #.....       78%         1    ##.....
 Summon Small Mammal      Summ           #...         78%         1    ##.....


Dungeon Overview and Level Annotations

Branches:
Dungeon (3/15)

Altars:


Innate Abilities, Weirdness & Mutations

Your experience applies equally to all skills.
You have very sharp teeth.
Your uncanny sense of smell can sniff out nearby items.


Message History

The gnoll shouts!
You hear a shout!
You hear an angry hiss.
The bat closely misses you.
A gnoll comes into view. It is wielding a +0 flail.
The bat barely misses you.
Found a ring mail.
The bat barely misses you. You block the bat's attack.
The bat hits you but does no damage. You block the bat's attack.
The bat hits you.
* * * LOW HITPOINT WARNING * * *
You closely miss the bat. You block the bat's attack.
The bat hits you but does no damage. The bat hits you but does no damage.
The bat closely misses you. You block the bat's attack.
You puncture the bat!
You kill the bat!
The orc priest miscasts a cantrip.
The orc priest mumbles some strange prayers to Beogh against you.
Beogh smites you!
You die...

.....###g####..........##....
[..gg...(.....#...##.......#.
.<...###g.#####........#...##
... #o..............#..### .
#g######......#.....## #.g##
#..#.##.#.#...
##..#####.##..#.#.....
##.o......[..........
##.@......#......... ####
##.......##........ ∆∆
.....##....<..###..)....
..............####.....[
........................
.....##.......#####.....
..... #.......# #..... ..##
#.......# #..... # #.......#
#.>...


You could see an orc priest, a gnoll, an orc and a goblin.

Vanquished Creatures
  Robin (D:3)
  An adder (D:3)
  An adder zombie (D:3)
  A worm (D:3)
  2 leopard geckos
  An orc (D:3)
  2 ball pythons
  A giant cockroach (D:1)
  6 goblins
  5 hobgoblins
  3 kobolds
  4 bats
  2 frilled lizards
  3 rats
33 creatures vanquished.

Notes
Turn   | Place    | Note
-------+----------+-------------------------------------------
     0 | D:1      | Oxidus the Gnoll Assassin began the quest for the Orb.
     0 | D:1      | Reached XP level 1. HP: 20/20 MP: 1/1
   172 | D:1      | Reached XP level 2. HP: 26/26 MP: 2/2
   379 | D:2      | Reached XP level 3. HP: 26/31 MP: 3/3
   382 | D:2      | Learned a level 1 spell: Animate Skeleton
   563 | D:3      | Reached skill level 1 in Invocations
   563 | D:3      | Noticed Robin
   565 | D:3      | Killed Robin
   567 | D:3      | Reached skill level 1 in Long Blades
   567 | D:3      | Reached skill level 1 in Axes
   567 | D:3      | Reached skill level 1 in Maces & Flails
   567 | D:3      | Reached skill level 1 in Polearms
   567 | D:3      | Reached skill level 1 in Staves
   567 | D:3      | Reached skill level 1 in Slings
   567 | D:3      | Reached skill level 1 in Bows
   567 | D:3      | Reached skill level 1 in Crossbows
   567 | D:3      | Reached skill level 1 in Armour
   567 | D:3      | Reached skill level 1 in Shields
   567 | D:3      | Reached skill level 1 in Unarmed Combat
   567 | D:3      | Reached skill level 1 in Spellcasting
   567 | D:3      | Reached skill level 1 in Evocations
   578 | D:3      | Reached XP level 4. HP: 38/38 MP: 2/5
   737 | D:3      | Killed from afar by an orc priest

Levels and vault maps discovered:
D:1:      denvon_arrival_waterhouse, layout_basic
D:2:      layout_rooms
D:3:      layout_rooms, minmay_fractal_squares_gapless_5, uniq_robin

Skill      XL: |  1  2  3 |
---------------+----------+-----
Invocations    | 1 |  1.1
Long Blades    | 1 |  1.0
Axes           | 1 |  1.0
Maces & Flails | 1 |  1.0
Polearms       | 1 |  1.0
Staves         | 1 |  1.0
Slings         | 1 |  1.0
Bows           | 1 |  1.0
Crossbows      | 1 |  1.0
Armour         | 1 |  1.0
Shields        | 1 |  1.0
Unarmed Combat | 1 |  1.0
Spellcasting   | 1 |  1.0
Evocations     | 1 |  1.0
Fighting       | |  4.6
Short Blades   | |  4.6
Throwing       | |  4.6
Dodging        | |  2.7
Stealth        | |  7.8
Conjurations   | |  0.7
Hexes          | |  0.7
Charms         | |  0.7
Summonings     | |  0.7
Necromancy     | |  0.7
Translocations | |  0.7
Transmutations | |  0.7
Fire Magic     | |  0.7
Ice Magic      | |  0.7
Air Magic      | |  0.7
Earth Magic    | |  0.7
Poison Magic   | |  0.7

Action                   |  1- 3 |  4- 6 || total
-------------------------+-------+-------++-------
Melee: Dagger            |    66 |    17 ||    83
       Bite              |     8 |     2 ||    10
Throw: Javelin           |     7 |       ||     7
       Dart              |     5 |       ||     5
 Cast: Animate Skeleton  |       |     1 ||     1
  Use: Scroll            |       |     3 ||     3
       Potion            |       |     1 ||     1
 Stab: Sleeping          |     7 |       ||     7
Armor: Leather armour    |    15 |    14 ||    29
Dodge: Dodged            |    27 |    22 ||    49
Block: Shield            |     7 |    20 ||    27
